 Dungeon Crawl Stone Soup version 0.18-a0-801-gb01a236 (webtiles) character file.

57 GeneralIdiocy the Charlatan (level 4, 0/34 HPs)
             Began as a Formicid Artificer on Dec 15, 2015.
             Succumbed to an adder's poison
             ... on level 2 of the Dungeon.
             The game lasted 00:02:15 (1936 turns).

GeneralIdiocy the Charlatan (Formicid Artificer)    Turns: 1936, Time: 00:02:15

Health: 0/34       AC:  4    Str: 16    XL:     4   Next: 18%
Magic:  5/7        EV: 11    Int: 12    God:
Gold:   92         SH:  0    Dex: 11    Spells: 0 memorised, 3 levels left

rFire  . . .     SeeInvis +     g - +0 hand axe
rCold  . . .     Clarity  .     b - +0 leather armour
rNeg   . . .     SustAt   .     (no shield)
rPois  .         Gourm    .     (helmet unavailable)
rElec  .         Spirit   .     (no cloak)
rCorr  .         Dismiss  .     (no gloves)
rMut   .         Stasis   +     l - +0 pair of boots
MR     .....                    n - amulet of faith
Stlth  +.........               (no ring)
                                (no ring)

@: lethally poisoned (0 -> -4), not resistant to hostile enchantments, very
unstealthy
A: permanent stasis, dig shafts and tunnels, four strong arms, antennae 3
a: Dig, Shaft Self


You were on level 2 of the Dungeon.
You were very hungry.

You visited 1 branch of the dungeon, and saw 2 of its levels.

You collected 92 gold pieces.

Inventory:

Hand Weapons
 g - a +0 hand axe (weapon)
Armour
 b - a +0 leather armour (worn)
 l - a +0 pair of boots (worn)
Jewellery
 n - an amulet of faith (around neck)
Wands
 c - a wand of flame (11)
 d - a wand of enslavement (15)
 e - a wand of random effects (13)
Scrolls
 a - a scroll of remove curse {unknown}
 h - 3 scrolls of identify {unknown}
 m - a scroll of enchant weapon {unknown}
Potions
 i - 2 potions of cancellation {unknown}
 k - a potion of poison {unknown}
Comestibles
 f - 2 bread rations
 j - a meat ration


   Skills:
 + Level 2.5 Fighting
   Level 1.0 Short Blades
 + Level 1.9 Armour
 - Level 1.7 Dodging
 - Level 1.2 Stealth
 + Level 4.0 Evocations


You had 3 spell levels left.
You didn't know any spells.

Dungeon Overview and Level Annotations

Branches:
Dungeon (2/15)

Altars:


Innate Abilities, Weirdness & Mutations

You are under a permanent stasis effect.
You can dig through walls and to a lower floor.
Your four strong arms can wield two-handed weapons with a shield.
You have a pair of large antennae on your head (SInv).


Message History

Evoke which item? (* to show all) (? for menu, Esc to quit)
Zapping:
c - a wand of flame (12)
Press: ? - help, Shift-Dir - straight line, f/p - adder
Aim: an adder (slightly transparent)
The puff of flame misses the adder.
This wand has 11 charges left.
The adder bites you.
* * * LOW HITPOINT WARNING * * *
Evoke which item? (* to show all) (? for menu, Esc to quit)
Zapping:
e - a wand of random effects (14)
Press: ? - help, Shift-Dir - straight line, f/p - adder
Aim: an adder (slightly transparent)
The fireball explodes!
The fireball engulfs the adder.
You kill the adder!
Your Evocations skill increases to level 4!
You have reached level 4!
You feel clever. The fireball engulfs you!
* * * LOW HITPOINT WARNING * * *
This wand has 13 charges left.
You die...

.# ########..#
#....@†..# #.########
######.....#...
###..............
#...##...........
#####.####..........>
(.....####>...(......
†...#..........<.....
.####................


There were no monsters in sight!

Vanquished Creatures
  2 adders (D:2)
  A worm (D:1)
  5 giant geckos
  5 bats
  4 hobgoblins
  6 giant newts
  7 goblins
  4 kobolds
  2 rats
36 creatures vanquished.

Notes
Turn   | Place    | Note
--------------------------------------------------------------
     0 | D:1      | GeneralIdiocy the Formicid Artificer began the quest for the Orb.
     0 | D:1      | Reached XP level 1. HP: 15/15 MP: 3/3
   172 | D:1      | Reached XP level 2. HP: 18/21 MP: 4/4
   568 | D:1      | Reached skill level 1 in Armour
  1069 | D:1      | Reached XP level 3. HP: 11/27 MP: 5/5
  1936 | D:2      | Reached skill level 4 in Evocations
  1936 | D:2      | Reached XP level 4. HP: 8/34 MP: 5/7
  1936 | D:2      | HP: 1/34 [shot self (7)]
  1936 | D:2      | Succumbed to an adder's poison

Vault maps used:
D:1:      sevenhm_arrival_forest_fort_large_4

Action                   |  1- 3 |  4- 6 || total
-------------------------+-------+-------++-------
Melee: Hand axe          |   121 |       ||   121
       Short sword       |     5 |       ||     5
Evoke: Wand              |     5 |     1 ||     6
 Stab: Sleeping          |     2 |       ||     2
  Eat: Chunk             |     2 |       ||     2
